 Dungeon Crawl Stone Soup version 0.20.1-1-g8b1a95d (webtiles) character file.

91 polve the Ruffian (level 4, -2/41 HPs)
             Began as a Troll Hunter on July 12, 2017.
             Slain by Sunburn's ghost (14 damage)
             ... on level 4 of the Dungeon.
             The game lasted 00:02:19 (2142 turns).

polve the Ruffian (Troll Hunter)                    Turns: 2142, Time: 00:02:20

Health: -2/41      AC:  5    Str: 20    XL:     4   Next: 33%
Magic:  3/3        EV: 10    Int:  7    God:
Gold:   158        SH:  3    Dex: 11    Spells: 3/3 levels left

rFire    . . .     SeeInvis .     - Unarmed
rCold    . . .     Gourm    +   (no shield)
rNeg     . . .     Faith    .   b - +0 robe
rPois    .         Spirit   .   (helmet restricted)
rElec    .         Reflect  +   (no cloak)
rCorr    .         Harm     .   (gloves unavailable)
MR       .....                  (boots unavailable)
Stlth    +.........             p - +3 amulet of reflection
Regen    0.6/turn               (no ring)
MPRegen  0.1/turn               (no ring)

@: no status effects
A: unfitting armour, claws 3, fast metabolism 3, gourmand, regeneration 1,
shaggy fur 1, tough skin 2
a: no special abilities


You were on level 4 of the Dungeon.
You were near starving.

You visited 1 branch of the dungeon, and saw 4 of its levels.

You collected 158 gold pieces.

Inventory:

Missiles
 c - 5 large rocks (quivered)
 d - 2 throwing nets
Armour
 b - a +0 robe (worn)
Jewellery
 p - a +3 amulet of reflection (around neck)
Scrolls
 a - 2 scrolls of magic mapping {unknown}
 e - a scroll of random uselessness {unknown}
 i - a scroll of fear {unknown}
 j - 2 scrolls of teleportation {unknown}
 n - a scroll of noise {unknown}
 r - a scroll of enchant weapon {unknown}
 s - a scroll of remove curse {unknown}
Potions
 h - a potion of heal wounds
 k - 3 potions of mutation {unknown}
 l - a potion of haste {unknown}
 o - a potion of magic {unknown}
 q - a potion of might {unknown}
 t - a potion of agility {unknown}
Comestibles
 f - 3 bread rations
 g - 2 royal jellies
 m - 4 fruits


   Skills:
 - Level 1.5 Fighting
 - Level 3.6 Throwing
 - Level 1.5 Dodging
 - Level 0.3 Stealth
 + Level 4.0 Unarmed Combat


You had 3 spell levels left.
You didn't know any spells.

Dungeon Overview and Level Annotations

Branches:
Dungeon (4/15)
 Temple: D:4-7

Altars:
Cheibriados
Hepliaklqana
Makhleb
Vehumet

Annotations:
D:4 Edmund; Sunburn's ghost, amateur DsMo


Innate Abilities, Weirdness & Mutations

You are too large for most types of armour.
You have claws for hands.
Your metabolism is lightning-fast.
You like to eat raw meat.
Your natural rate of healing is unusually fast.
You are covered in fur. (AC +1)
You have very tough skin. (AC +2)


Message History

The bullfrog skeleton closely misses you.
You scratch the bullfrog skeleton. Your claw misses the bullfrog skeleton.
The bullfrog skeleton is lightly damaged.
Sunburn's ghost hits you!
The bullfrog skeleton barely misses you.
You barely miss the bullfrog skeleton.
The bullfrog skeleton is lightly damaged.
The bullfrog skeleton hits you.
* * * LOW HITPOINT WARNING * * *
Sunburn's ghost hits you but does no damage.
You claw the bullfrog skeleton!
The bullfrog skeleton is heavily damaged.
The bullfrog skeleton hits you!
* * * LOW HITPOINT WARNING * * *
Sunburn's ghost barely misses you. The bullfrog skeleton hits you.
* * * LOW HITPOINT WARNING * * *
You claw the bullfrog skeleton!
The bullfrog skeleton is severely damaged.
Sunburn's ghost hits you!
You die...

.....
...##.###.###....
....!
...!.......#.....
... ..
........?........
.. ...
......)..........
# ....
.................
##...#
.....?...<.......
#.....
...#.............
...>%..
.................
#......
...##..@.........
#......
......WZ...#....=
.......
#..##.........###
#...... #.
#........#.#
....... #
#...........
.......
........#.#.
......
.........#...
......
...######## ..
......


You could see Sunburn's ghost and a bullfrog skeleton.

Vanquished Creatures
  A worker ant (D:3)
  2 adders
  2 dart slugs (D:1)
  A leopard gecko (D:2)
  An orc (D:4)
  3 giant cockroaches
  8 goblins
  3 hobgoblins
  4 kobolds
  A quokka (D:2)
  7 bats
  A frilled lizard (D:1)
  5 rats
39 creatures vanquished.

Notes
Turn   | Place    | Note
-------+----------+-------------------------------------------
     0 | D:1      | polve the Troll Hunter began the quest for the Orb.
     0 | D:1      | Reached XP level 1. HP: 19/19 MP: 0/0
   123 | D:1      | Reached skill level 1 in Unarmed Combat
   194 | D:1      | Reached XP level 2. HP: 22/27 MP: 1/1
   239 | D:1      | Reached skill level 2 in Unarmed Combat
   838 | D:2      | Reached XP level 3. HP: 28/33 MP: 2/2
   887 | D:2      | Reached skill level 3 in Unarmed Combat
  1018 | D:2      | Found a hazy altar of Hepliaklqana.
  1646 | D:3      | Found a radiant altar of Vehumet.
  1647 | D:3      | Found a snail-covered altar of Cheibriados.
  1647 | D:3      | Found a burning altar of Makhleb.
  1999 | D:4      | Noticed Edmund
  2020 | D:3      | HP: 1/33 [poisoned by a worker ant]
  2024 | D:3      | Reached skill level 4 in Unarmed Combat
  2024 | D:3      | Reached XP level 4. HP: 18/41 MP: 3/3
  2132 | D:4      | Noticed Sunburn's ghost (amateur DsMo)
  2142 | D:4      | Slain by Sunburn's ghost

Skill      XL: |  1  2  3 |
---------------+----------+-----
Unarmed Combat | 1 2 4 |  4.0
Fighting       | |  1.5
Throwing       | |  3.6
Dodging        | |  1.5
Stealth        | |  0.3

Action                   |  1- 3 |  4- 6 || total
-------------------------+-------+-------++-------
Melee: Unarmed           |   142 |     7 ||   149
       Punch             |     1 |       ||     1
  Use: Potion            |     1 |       ||     1
 Stab: Sleeping          |     1 |       ||     1
  Eat: Chunk             |    15 |       ||    15
Armor: Robe              |    47 |     1 ||    48
Dodge: Dodged            |    64 |     4 ||    68
Block: Other             |     2 |     1 ||     3
